[Event "44th Chess Olympiad Open 2022"]
[Site "Chennai"]
[Date "2022.08.08"]
[Round "10.4"]
[White "Narayanan.S.L"]
[Black "Daneshvar, Bardiya"]
[Result "1-0"]
[WhiteElo "2659"]
[BlackElo "2490"]
[Annotator "RC"]
[PlyCount "179"]
[EventDate "2022.??.??"]
[TimeControl "60"]

1. d4 Nf6 2. c4 g6 3. Nc3 d5 4. cxd5 Nxd5 5. e4 Nxc3 6. bxc3 Bg7 7. Bc4 c5 8. Ne2 O-O 9. Be3 Nc6 10. O-O b6 11. Qd2 Bb7 12. Rac1 cxd4 13. cxd4 Na5 14. Bd3 Qd7 15. h4 Rac8 16. h5 Rfd8 17. h6 Bf8 18.
Qb2 e6 19. Bg5 Rxc1 20. Rxc1 Rc8 21. Rxc8 Qxc8 22. Nf4 Nc4 23. Qe2 Nd6 24. e5 Ne8 25. Be4 Nc7 26. Qf3 Bxe4 27. Qxe4 Na6 28. d5 Nc5 29. Qc4 exd5 30. Nxd5 Qe6 31. Bf4 b5 32. Qd4 Qf5 33. Nf6+ Kh8 34. Be3 Qd3 35. Qg4 Ne6 36. Qf3 Qc3 37. Nd7 Kg8 38. Qb7 Qc7 39. Qxb5 Be7 40. Nf6+ Bxf6 41. exf6 Qc8 42. a4 a6 43. Qb6 Qa8 44. a5 Qc8 45. Qd6 Qa8 46. f3 Qc8 47. Bd2 Qa8 48.
Kf2 Qc8 49. Bb4 Qc2+ 50. Kg3 Qc8 51. Qb6 Qa8 52. Bd6 Qc8 53.
Qa7 Nd8 54. Qb6 Ne6 55. Kh2 Qa8 56. Kh3 Qc8 57. Kg3 Qa8 58.
Kf2 Nd8 59. Ke3 Nc6 60. Qc7 Qe8+ 61. Kd3 Qa8 62. Kc4 Nd8 63. g3 Nb7 64. Be7 Kh8 65. Kd4 Kg8 66. Ke5 Kh8 67. f4 Kg8 68. g4 Kh8 69. g5 Kg8 70. f5 gxf5 71. Kxf5 Kh8 72. Kf4 Kg8 73. Ke3 Kh8 74. Kd2 Kg8 75. Kc3 Kh8 76. Kb4 Kg8 77. Ka3 Kh8 78. Bb4 Nd8 79. Bc3 Kg8 80. Qe7 Nc6 81. Qd7 Na7 82. g6 Nb5+ 83. Kb3 hxg6 84. h7+ Kxh7 85. Qxf7+ Kh6 86. Bd2+ Kh5 87. Qh7+ Kg4 88. Qxg6+ Kf3 89. Qd3+ Kg4 90. f7 1-0

[Event "44th Chess Olympiad Open 2022"]
[Site "Chennai"]
[Date "2022.08.08"]
[Round "10.4"]
[White "Idani, Pouya"]
[Black "Erigaisi Arjun"]
[Result "1/2-1/2"]
[WhiteElo "2641"]
[BlackElo "2689"]
[Annotator "TA"]
[PlyCount "60"]
[EventDate "2022.??.??"]
[TimeControl "60"]

1. e4 e5 2. Nf3 Nc6 3. Bb5 Nf6 4. O-O Nxe4 5.
Re1 Nd6 6. Nxe5 Be7 7. Bf1 Nxe5 8. Rxe5 O-O 9. d4 Bf6 10.
Re1 Nf5 11. c3 d5 {[%emt 0:
00:00] The position is equal. C67: Ruy Lopez: Berlin Defence: 4 0-0 Nxe4.} 12.
Bf4 Bg5 13. Bxg5 Qxg5 14. Nd2 c6 15. Nf3 Qd8 16. Bd3 Nd6 17.
Qc2 g6 {[%emt 0:12:32] [#]} 18. h3 $146 ({
Predecessor:} 18. Qd2 Bf5 19. Qh6 f6 20. Bxf5 Nxf5 21. Qf4 Qd6 22. Qxd6 {
½-½ (22) Li,H (2247)-Short,P (2283) Ennis 2017}) 18... Bf5 19. Bxf5 Nxf5 20. Re2 Re8 21. Rae1 Rxe2 22. Qxe2 Nd6 23. Qe7 Qxe7 24. Rxe7 $11 {[%emt 0:00:07] Endgame
aiming for Rd7. KRN-KRN} Kf8 25. Rd7 {[%emt 0:01:03] [#]
Hoping for Ne5.} Ke8 26. Ne5 ({But not} 26.
Rxd6 Ke7 27. Rxc6 bxc6 $17) 26... Rd8 27. Rc7 Rc8 28. Rd7 Rd8 29. Rc7 Rc8 30. Rd7 Rd8 {[%emt 0:00:
00] A rather calm draw. Weighted Error Value: White=0.03 (flawless) /Black=0.
01 (flawless)} 1/2-1/2

[Event "44th Chess Olympiad Open 2022"]
[Site "Chennai"]
[Date "2022.08.08"]
[Round "10.5"]
[White "Van Foreest, Jorden"]
[Black "Ivic, Velimir"]
[Result "1/2-1/2"]
[WhiteElo "2678"]
[BlackElo "2581"]
[Annotator "RC"]
[PlyCount "81"]
[EventDate "2022.??.??"]
[TimeControl "60"]

1. Nf3 d5 2. g3 g6 3. Bg2 Bg7 4. d4 Nf6 5. O-O O-O 6. c3 c6 7. a4 a5 8. Nbd2 Bg4 9. h3 Bxf3 10. exf3 Nbd7 11. f4 e6 12. Nf3 b5 13. Ne5 Qc7 14. Qe2 Rab8 15.
Be3 Rfc8 16. g4 Ne8 17. axb5 cxb5 18. f5 Nxe5 19. dxe5 Qxe5 20. fxe6 Qxe6 21. Qd3 d4 22. Bxd4 Rd8 23. Rxa5 Bxd4 24. cxd4 Qb6 25. Rfa1 Qxd4 26. Qxd4 Rxd4 27. Ra8 Rbd8 28.
Bc6 Nc7 29. Rxd8+ Rxd8 30. Ra7 Ne6 31. Bd7 Nf4 32. Kh2 b4 33.
b3 Nd3 34. Bb5 Rd4 35. Kg3 g5 36. Ra5 Ne5 37. Bc4 Nxc4 38. Rxg5+ Kf8 39. bxc4 Rxc4 40. Rb5 Kg7 41. Rb6 1/2-1/2

[Event "44th Chess Olympiad Open 2022"]
[Site "Chennai"]
[Date "2022.08.08"]
[Round "10.5"]
[White "Indjic, Aleksandar"]
[Black "Giri, Anish"]
[Result "1/2-1/2"]
[WhiteElo "2620"]
[BlackElo "2760"]
[Annotator "TA"]
[PlyCount "86"]
[EventDate "2022.??.??"]
[TimeControl "60"]

1. d4 d5 2. c4 c6 3. Nc3 Nf6 4. Nf3 e6 5. Bg5 h6 6. Bxf6 Qxf6 7. e3 g6 8. Ne5 {[%emt 0:01:58] D43: Semi-Slav: 5
Bg5 h6.} Bg7 9. f4 O-O 10. h4 {[%emt 0:00:35] [#] White has an edge.} Qe7 $5 $146 {[%emt 0:00:
00] New and interesting.} ({Predecessor:} 10... c5 11. Qd2 Nc6 12. O-O-O Rd8
13. g4 cxd4 14. exd4 dxc4 15. Qe3 Qe7 16. Bxc4 Bd7 {½-½ (51) Adhiban,B (2639)
-Robson,R (2670) Douglas 2019}) 11. g4 c5 12.
Qd2 (12. Qf3 $5 ) 12... dxc4 13. O-O-O (13. Nxc4 cxd4 14. exd4 Rd8 $19) 13... Nc6 14. Bg2 cxd4 15. exd4 Bd7 16. g5 ({Better is} 
16. h5 $11) 16... h5 $1 $15 17. Rhe1 Rac8 ({Black should play} 17... Rfd8 $15) 18. Bxc6 Bxc6 19. d5 Rfd8 20. f5 (20. Qf2 $1 $11 Bxd5 21. Nxd5 Rxd5 22. Rxd5 exd5 23. Nc6 (23.
Nxg6 Bxb2+ 24. Kd1 Qc5 $17)) 20... gxf5 $17 {[%emt 0:00:00] And now ...Rxd5
would win.} 21. g6 {[%emt 0:00:00] [#]} fxg6 (21... Qxh4 $2
22. gxf7+ Kh7 23. Rh1 $18) 22. Nxg6 Qf6 (
22... Qf7 $17 23. Qg5 Bxd5 24. Nxd5 Rxd5 25. Rxd5 (25. Ne7+ Kh7 $17) 25... exd5
) 23. Nf4 $15 {[%emt 0:04:19] Pair of Knights!} Bxd5 (23...
Qxh4 $2 24. Nxe6 Qf6 25. Nxg7 (25. Nxd8 Bh6 $15) (25. Rg1 Qxe6 26. dxe6 Rxd2
$11) 25... Kxg7 26. Qg2+ (26. Re6 $2 Qxe6 27. Rg1+ Kf8 $19) 26... Kh7 27. dxc6
bxc6 28. Rh1 Rxd1+ 29. Nxd1 $18) 24. Ncxd5 exd5 25. Nxh5 Qh6 ({Of course not} 25... Qxh4
26. Nxg7 Kxg7 27. Rh1 $11) 26. Re7 $2 Bxb2+ $1 $19 (26... Qxh5 27. Rg1 d4 28. Rexg7+ Kh8 29. Qf4 $18) 27. Kb1 Qxd2 ({Worse is} 27... Qxh5 28. Rg1+ Kf8 29. Qxb2 Kxe7
30. Qe5+ Kd7 31. Qxd5+ Ke7 32. Qe5+ Kd7 33. Qd5+ Ke7 34. Qe5+ Kd7 35. Qd5+ $11)
28. Rxd2 Kf8 29. Rde2 c3 30. Rxb7 c2+ (30... d4 $19 {
White must now prevent ...d3.} 31. Nf6 Rd6 32. Nd7+ Kg8 33. Rg2+ Kh8) 31. Rxc2
$15 Rxc2 32. Kxc2 {[%emt 0:00:06] Endgame
KRB-KRN} Be5 {[%emt 0:00:02] Prevents Nf4. Threatens to win with ...Rc8+.} 33.
Rxa7 Rc8+ (33... Rd6 $5 34.
Ra4 Rc6+ 35. Kd3 Rc3+ 36. Ke2 Rc4 $17) 34. Kd1 {[%emt 0:00:09] The position is
equal.} Rc4 35. Rd7 Rd4+ 36.
Ke2 Ke8 37. Rb7 Kf8 {
[%emt 0:02:10] [#] ...Re4+ is the strong threat.} 38. Rd7 Re4+ 39. Kf2 d4 40. Ng3 Rxh4 {[%emt 0:00:18] aiming for ... Rh2+.} 41. Rd5 Rh2+ 42. Kf3 Bxg3 43. Kxg3 Rxa2 {[%emt 0:00:04] Whites escaped into a draw. Weighted
Error Value: White=0.16 (very precise) /Black=0.16 (very precise)} 1/2-1/2

[Event "44th Chess Olympiad Open 2022"]
[Site "Chennai"]
[Date "2022.08.08"]
[Round "10.5"]
[White "Markus, Robert"]
[Black "Bok, Benjamin"]
[Result "1-0"]
[WhiteElo "2616"]
[BlackElo "2616"]
[Annotator "RC"]
[PlyCount "101"]
[EventDate "2022.??.??"]
[TimeControl "60"]

1. d4 Nf6 2. Nf3 d5 3. c4 e6 4. e3 b6 5. b3 Bb7 6. Bd3 Nbd7 7. O-O Bd6 8. Nc3 O-O 9. Bb2 a6 10. a4 c5 11. cxd5 exd5 12. Rc1 Qe7 13.
Ne2 Rfe8 14. Ng3 g6 15. Qe2 Ne4 16. Rfd1 cxd4 17. Nxd4 Be5 18. Bxe4 dxe4 19. Nc6 Bxc6 20. Rxc6 Bxb2 21.
Qxb2 Rad8 22. Rd4 Nc5 23. h3 Qb7 24. Rdd6 Rxd6 25. Rxd6 a5 26.
Qf6 Nxb3 27. Rxb6 Qd5 28. Rb5 Nc5 29. Kh2 Nd7 30. Qxg6+ hxg6 31. Rxd5 Nf6 32. Rxa5 Rc8 33. Re5 Rc4 34. a5 Ra4 35. a6 Kg7 36.
a7 Rxa7 37. Nxe4 Ng8 38. g4 f6 39. Re8 f5 40. gxf5 gxf5 41.
Nd6 f4 42. e4 Nh6 43. Re6 Kh7 44. Kg2 Ra6 45. Nf7 f3+ 46. Kg3 Rxe6 47. Ng5+ Kg6 48. Nxe6 Nf7 49. Kxf3 Kf6 50. Nc5 Ne5+ 51. Ke3 1-0

[Event "44th Chess Olympiad Open 2022"]
[Site "Chennai"]
[Date "2022.08.08"]
[Round "10.5"]
[White "Warmerdam, Max"]
[Black "Perunovic, Milos"]
[Result "1-0"]
[WhiteElo "2610"]
[BlackElo "2539"]
[Annotator "RC"]
[PlyCount "79"]
[EventDate "2022.??.??"]
[TimeControl "60"]

1. c4 c5 2. Nf3 Nc6 3. Nc3 Nf6 4. d4 cxd4 5. Nxd4 Qb6 6. e3 g6 7. Be2 Bg7 8. O-O O-O 9. a3 Qd8 10. Qb3 b6 11. Rd1 Bb7 12. Qa2 Nxd4 13.
exd4 d5 14. Bf3 Qd7 15. c5 Ne4 16. Bxe4 dxe4 17. Be3 e6 18.
Rac1 Rfd8 19. b4 Qe7 20. Qc4 Bd5 21. Nxd5 Rxd5 22. a4 Rad8 23. c6 Qc7 24. g3 h6 25. Qc2 f5 26. b5 g5 27. Bd2 Bxd4 28.
Bc3 Bc5 29. Qe2 Qf7 30. Kh1 Kh7 31. Be5 Qe7 32. Qh5 Qe8 33.
Qxe8 Rxe8 34. Rxd5 exd5 35. Rxc5 bxc5 36. a5 d4 37. b6 e3 38. fxe3 dxe3 39. b7 e2 40. Bc3 1-0

[Event "44th Chess Olympiad Open 2022"]
[Site "Chennai"]
[Date "2022.08.08"]
[Round "10.6"]
[White "Shirov, Alexei"]
[Black "Navara, David"]
[Result "1/2-1/2"]
[WhiteElo "2704"]
[BlackElo "2688"]
[Annotator "TA"]
[PlyCount "132"]
[EventDate "2022.??.??"]
[TimeControl "60"]

1. e4 e5 2. Nf3 Nc6 3. Bb5 Nf6 4. O-O Nxe4 5.
Re1 Nd6 6. Nxe5 Be7 7. Bf1 Nxe5 8. Rxe5 O-O 9. Nc3 {[%emt 0:00:20] C67: Ruy Lopez: Berlin
Defence: 4 0-0 Nxe4.} Bf6 10. Re1 Re8 11. Nd5 Rxe1 12. Qxe1 b6 13. d3 Bb7 14. Nxf6+ Qxf6 15. Qe3 (15. Qc3 Qxc3 16. bxc3 Re8 17. c4 Bc6 18. Bf4 {½-½ (18)
Shirov,A (2662)-Navara,D (2697) Tornelo INT 2020}) 15... c5 16. Qf4 Qxf4 17. Bxf4 Nf5 18. Re1 f6 19. c3 Bd5 20. a3 g5 21.
Bd2 {[%emt 0:00:08] [#]} a5 $146 ({Predecessor:} 21... h5 22.
f3 Kf7 23. Kf2 a5 24. Be2 Bb3 25. h3 Rg8 26. g4 hxg4 27. hxg4 Ng7 {½-½ (41)
Caruana,F (2792)-So,W (2772) Chess.com INT 2022}) 22. Be2 Re8 23. f4 Nh4 24. Kf2 h6 ({Less strong is} 24... Nxg2 25. Bf3 Nxe1 26. Bxd5+
Kg7 27. Bxe1 $16) ({Weaker is} 24... Bxg2 25. fxg5 Re5 26. gxf6 Rf5+ 27. Kg3
$16) 25. g3 Nf5 26. g4 Nd6 27. c4 Bc6 28. b4 axb4 29. axb4 cxb4 {[%emt 0:01:15] 
[#]} 30. Bxb4 (30. Rb1 $1 $16) 30... Nf7 $11 31. fxg5 Nxg5 32. Bd2 b5 33. h4 Ne6 34. cxb5 Bxb5 35. Rb1 Kh7 36.
Rxb5 (36. Bxh6 $5 Bxd3 37. Bxd3+ Kxh6 38. Rb5 $16) 36... Nd4 {
[%emt 0:00:11][%csl Yb5,Ye2] [#]} 37. Rd5 $1 Rxe2+ 38. Kg3 Rxd2 39. Rxd7+ Kg8 $1 40. Rxd4 $14 {[%emt 0:00:05] Endgame
KR-KR} Kf7 41. Kf4 Rd1 42.
h5 Ke6 {[%emt 0:04:26] [#] Prevents Rd7.} (42... Rf1+ $14 43.
Ke4 Re1+ 44. Kf5 Rf1+ 45. Rf4 Rd1) 43. Re4+ (43. Rd8 $142 $1)
43... Kf7 $16 44. Ke3 {[%emt 0:00:00] Black must now prevent
d4.} Re1+ 45. Kd4 Rf1 46.
Kd5 f5 47. gxf5 Rxf5+ 48. Re5 Rf4 49. d4 Rh4 50. Kc5 {[%emt 0:00:00] Hoping for d5.} Kf6 51. Rd5 Rh1 52. Kd6 Rd1 53. Kc6 Rd2 54.
Rd8 (54. Kc5 $14) 54... Rc2+ $11 {[%emt 0:00:06] The position
is equal.} 55. Kd6 {[%emt 0:02:22] Threatens to win with Rg8.} Kg5 56. d5 Kxh5 57. Rg8 Kh4 58. Rg6 h5 59. Ke5 Rd2 60. d6 Kh3 $1 61. Ke6 {[%emt 0:01:36] d7 would kill now.} h4 62. d7 Kh2 $1 63. Rg5 Rxd7 64. Kxd7 h3 $1 65. Ke6 {[%emt 0:00:03] White threatens Ke5 and mate.} Kh1 66. Kf5 {[%emt 0:00:13] White wants to mate with Kf4.} h2 {[%emt 0:00:03]
Weighted Error Value: White=0.06 (flawless) /Black=0.04 (flawless)} 1/2-1/2

[Event "44th Chess Olympiad Open 2022"]
[Site "Chennai"]
[Date "2022.08.08"]
[Round "10.6"]
[White "Anton Guijarro, David"]
[Black "Michalik, Peter"]
[Result "1/2-1/2"]
[WhiteElo "2667"]
[BlackElo "2559"]
[Annotator "RC"]
[PlyCount "61"]
[EventDate "2022.??.??"]
[TimeControl "60"]

1. d4 Nf6 2. Nf3 d5 3. e3 c5 4. Bb5+ Bd7 5. Be2 Nc6 6. O-O e6 7. b3 Bd6 8. Bb2 O-O 9. a3 Re8 10. dxc5 Bxc5 11. b4 Bf8 12. c4 dxc4 13. Bxc4 a6 14. Nbd2 h6 15. Rc1 Qe7 16. Nb3 Red8 17. Qe2 e5 18. e4 Be6 19. Nc5 Bxc4 20. Rxc4 a5 21. b5 Nd4 22. Nxd4 exd4 23. e5 Nd5 24. Nd3 Rac8 25. Rxd4 Nc3 26. Bxc3 Rxc3 27. Rxd8 Qxd8 28. Nf4 Rxa3 29. e6 Qf6 30. g3 fxe6 31. Nxe6 1/2-1/2

[Event "44th Chess Olympiad Open 2022"]
[Site "Chennai"]
[Date "2022.08.08"]
[Round "10.6"]
[White "Nguyen, Thai Dai Van"]
[Black "Vallejo Pons, Francisco"]
[Result "1/2-1/2"]
[WhiteElo "2629"]
[BlackElo "2702"]
[Annotator "TA"]
[PlyCount "85"]
[EventDate "2022.??.??"]
[TimeControl "60"]

1.
d4 d5 2. c4 c6 3. Nf3 Nf6 4. Nc3 dxc4 5. a4 e6 6. e3 c5 7. Bxc4 Nc6 {
[%emt 0:00:24] D16: Slav Defence: 5 a4: Lines with 5...Bg4 and 5...Na6.} 8. Qe2
$5 {[%emt 0:08:31] Exploring less charted territory.} cxd4 9.
exd4 Be7 {[%emt 0:02:05] The position is equal.} 10. O-O O-O ({Don't play} 10... Nxd4 11. Nxd4 Qxd4 12.
Nb5 $16) 11. Rd1 Nb4 {[%emt 0:02:01] Inhibits d5.} 12. Bg5 Bd7 13. d5 exd5 14. Nxd5 Nbxd5 ({Resist} 14... Nfxd5 15.
Bxe7 Nxe7 16. Ne5 $16) 15. Bxd5 Nxd5 16. Rxd5 Bxg5 17. Nxg5 h6 18. Qd2 {[%emt 0:01:23] Strongly threatening Nf3. White is much more
active. The black rooks are badly placed.} hxg5 19. Rxd7 Qf6 20. Rxb7 {[%emt 0:01:47] [#]} Rab8 $146 ({Predecessor:} 20... Rfd8 21. Qe3 Rd4 22. h3 Rad8 23. Rxa7 Rd3
24. Qe4 Qxb2 25. Re1 Rd1 26. Re7 Rxe1+ 27. Qxe1 {1-0 (60) Christiansen,J (2558)
-Solak,D (2602) Batumi 2019}) 21. Rxb8 ({Much worse is} 21.
Rxa7 $6 Rxb2 22. Qe1 Rxf2 $1 $11) 21... Rxb8 $16 {[%emt 0:01:13] Endgame [#]
KQR-KQR} 22. Rb1 Qc6 23. Qxg5 Qxa4 24. Qe5 Qb5 25. Qd4 a5 26. h3 Qb4 27. Qe5 Qb5 28. Qd4 Qb4 29. Qd5 a4 30. Ra1 {[%emt 0:
01:03] Inhibits a3.} Qxb2 31. Rxa4 Qb5 32. Qd6 Qxa4 33. Qxb8+ {
[%emt 0:00:06] KQ-KQ} Kh7 34. Qe5 g6 35. f4 f5 36. Qe7+ Kg8 37. Qd6 Kf7 38.
h4 Qa7+ 39. Kh2 {[%emt 0:00:17][%cal Yh4h5]
And now h5! would win.} Qf2 40. Qc7+ {[%emt 0:00:24] White is
slightly better.} Ke8 41. Qe5+ Kf7 42. Kh3 $1 {[%emt 0:00:05][%cal Yh4h5] h5! is the strong threat.} Qf1 43. Kg3 {[%emt 0:00:00] Weighted Error Value: White=0.06 
(flawless) /Black=0.04 (flawless)} 1/2-1/2

[Event "44th Chess Olympiad Open 2022"]
[Site "Chennai"]
[Date "2022.08.08"]
[Round "10.6"]
[White "Zwardon, Vojtech"]
[Black "Santos Latasa, Jaime"]
[Result "0-1"]
[WhiteElo "2503"]
[BlackElo "2675"]
[Annotator "RC"]
[PlyCount "120"]
[EventDate "2022.??.??"]
[TimeControl "60"]

1. c4 e6 2. Nf3 d5 3. e3 Nf6 4. Nc3 Bd6 5. b3 O-O 6. Bb2 Re8 7. Rc1 a6 8. d4 b6 9. c5 bxc5 10. dxc5 Bf8 11. Be2 a5 12. O-O Ba6 13. Na4 c6 14. Qc2 Nbd7 15. Bxa6 Rxa6 16. Ne5 Nxe5 17. Bxe5 Nd7 18. Bb2 Ra8 19. e4 Rb8 20. Rfd1 Be7 21. exd5 exd5 22. Re1 Qc7 23. Qe2 h6 24. g3 Qa7 25. Bd4 Bf6 26. Qxe8+ Rxe8 27. Rxe8+ Kh7 28. Bxf6 Nxf6 29. Ree1 Qd7 30. Nc3 Qf5 31. Ne2 Ne4 32. Rf1 Nd2 33. Rfd1 Nf3+ 34. Kg2 Qe4 35. Ng1 Ne5+ 36. f3 Nxf3 37. Nxf3 Qe2+ 38. Kh3 Qxf3 39. Rf1 Qh5+ 40. Kg2 Qe2+ 41. Rf2 Qe4+ 42. Kg1 f6 43. Rcc2 h5 44. h4 Kg6 45. Kh2 Qb4 46. Rf4 Qe1 47. Ra4 Qd1 48. Rg2 Qe1 49. a3 Qd1 50.
Rxa5 Qxb3 51. Ra7 Qc3 52. a4 Qxc5 53. Ra8 d4 54. a5 Qd6 55. a6 c5 56. Rc8 Qb6 57. Rc2 d3 58. Rd2 Qa5 59. Rg2 d2 60. Rg1 Qxa6 0-1

[Event "44th Chess Olympiad Open 2022"]
[Site "Chennai"]
[Date "2022.08.08"]
[Round "10.7"]
[White "Volokitin, Andrei"]
[Black "Berkes, Ferenc"]
[Result "1/2-1/2"]
[WhiteElo "2674"]
[BlackElo "2649"]
[Annotator "RC"]
[PlyCount "64"]
[EventDate "2022.??.??"]
[TimeControl "60"]

1. e4 Nf6 2. e5 Nd5 3. d4 d6 4. c4 Nb6 5. exd6 exd6 6. Nc3 Nc6 7. Nf3 Be7 8. h3 O-O 9. Bd3 Re8 10. O-O Bf6 11. Be3 d5 12. c5 Nc4 13.
Bxc4 dxc4 14. Qa4 Be6 15. Rad1 Ne7 16. Nd2 c6 17. Nxc4 b5 18. cxb6 axb6 19. Qb4 Nd5 20. Nxd5 Bxd5 21. a3 b5 22. Ne5 Bxe5 23. dxe5 Rxe5 24. Rfe1 h6 25. Bf4 Rxe1+ 26. Rxe1 Qf6 27. Be5 Qg6 28. Qg4 Qxg4 29. hxg4 Re8 30. f3 f6 31. Bc3 Rxe1+ 32. Bxe1 Kf7 1/2-1/2

[Event "44th Chess Olympiad Open 2022"]
[Site "Chennai"]
[Date "2022.08.08"]
[Round "10.7"]
[White "Onyshchuk, Volodymyr"]
[Black "Kantor, Gergely"]
[Result "1-0"]
[WhiteElo "2612"]
[BlackElo "2582"]
[Annotator "RC"]
[PlyCount "55"]
[EventDate "2022.??.??"]
[TimeControl "60"]

1. e4 e5 2. Nf3 Nc6 3. Bb5 a6 4. Ba4 Nf6 5. O-O Nxe4 6. d4 b5 7. Bb3 d5 8. dxe5 Be6 9. c3 Bc5 10. a4 O-O 11. axb5 axb5 12. Rxa8 Qxa8 13. Nbd2 Rd8 14. Qe2 Nxf2 15. Rxf2 Qa1 16. Qe1 Bf5 17. Nf1 Bxf2+ 18. Kxf2 Be4 19. e6 fxe6 20. Ng3 Na5 21. Bc2 Bxc2 22. Qxe6+ Kh8 23. Bh6 Rg8 24. Bxg7+ Kxg7 25. Qe7+ Kh6 26. Qf6+ Rg6 27. Qf8+ Rg7 28. Qf4+ 1-0

[Event "44th Chess Olympiad Open 2022"]
[Site "Chennai"]
[Date "2022.08.08"]
[Round "10.7"]
[White "Banusz, Tamas"]
[Black "Shevchenko, Kirill"]
[Result "1/2-1/2"]
[WhiteElo "2611"]
[BlackElo "2654"]
[Annotator "RC"]
[PlyCount "120"]
[EventDate "2022.??.??"]
[TimeControl "60"]

1. Nf3 c5 2. c4 Nf6 3. Nc3 e6 4. g3 b6 5. Bg2 Bb7 6. O-O Be7 7. d4 cxd4 8. Qxd4 O-O 9. Rd1 d6 10. b3 Nbd7 11. e4 Nc5 12. e5 dxe5 13.
Qxe5 Ncd7 14. Qe2 a6 15. Ne5 Bxg2 16. Kxg2 Qc8 17. Nxd7 Nxd7 18. Bf4 Ra7 19. Rac1 Qc6+ 20. Qf3 Rc8 21. Qxc6 Rxc6 22. h4 h5 23. Rc2 Bb4 24. Ne4 e5 25. Bd2 Be7 26. Nc3 Bc5 27. Nd5 a5 28. Be3 f6 29. Rcd2 Kf8 30. f4 e4 31. f5 Ne5 32. Bxc5+ bxc5 33. Nf4 Rc8 34. Re2 a4 35. Nxh5 axb3 36. axb3 Rb8 37. Nf4 Kf7 38. Ne6 Rxb3 39. Nxc5 Rb4 40. Nxe4 Nxc4 41. Kh3 Rb8 42. Rc1 Ne5 43. Rec2 Kg8 44. Rc7 Rxc7 45. Rxc7 Nf7 46. g4 Rb3+ 47. Rc3 Rxc3+ 48. Nxc3 Ne5 49. Nd5 Kf7 50. Nf4 Nc4 51. Kg3 Nd6 52. Kf3 Nc4 53. Ke4 Ne5 54. g5 fxg5 55. hxg5 Nc4 56. g6+ Kf6 57. Nh5+ Kg5 58. Nxg7 Nd6+ 59. Ke5 Nxf5 60. Nxf5 Kxg6 1/2-1/2

[Event "44th Chess Olympiad Open 2022"]
[Site "Chennai"]
[Date "2022.08.08"]
[Round "10.7"]
[White "Erdos, Viktor"]
[Black "Korobov, Anton"]
[Result "1-0"]
[WhiteElo "2586"]
[BlackElo "2692"]
[Annotator "TA"]
[PlyCount "37"]
[EventDate "2022.??.??"]
[TimeControl "60"]

1. e4 c5 2. Nf3 d6 3. Bb5+ Nd7 4. d4 cxd4 5. Nxd4 Ngf6 6. O-O {[%emt 0:00:14] B51: Sicilian: Moscow Variation (3 Bb5+)
without 3...Bd7.} a6 7. Ba4 g6 {[%emt 0:00:
00] [#]} 8. Re1 $146 {[%emt 0:10:06] The position is equal.} ({Predecessor:} 8.
c4 Bg7 9. Nc3 O-O 10. Bc2 Ne5 11. b3 Bd7 12. f3 b5 13. cxb5 axb5 14. Be3 {
0-1 (49) Kozak,A (2532)-Bok,B (2616) Chess.com INT 2022}) 8... b5 9. Bb3 Bb7 10. c4 b4 11. a3 bxa3 (11... a5 $5 ) 12. Rxa3 e5 13. Nf3 Nxe4 14. c5 (14. Bc2 $5 Nec5 15. b4 $14) 14... Ndxc5 15. Ba4+ Ke7 16. Bc2 {[%emt 0:01:51] Strongly threatening b4.} f5 $2 (16... Nf6 $11) 17. Bxe4 $18 {[%emt 0:00:38] White is clearly
winning.} Nxe4 {[%emt 0:00:51] [#]} 18. Rxe4 $1 {[%emt 0:00:04] Black must now
prevent Bg5+.} Qc7 (18... h6 $142) (18... Ke8 19. Rb4) 19. Rc3
{[%emt 0:02:02] Weighted Error Value: White=0.04 (flawless) /Black=0.77} 1-0

[Event "44th Chess Olympiad Open 2022"]
[Site "Chennai"]
[Date "2022.08.08"]
[Round "10.8"]
[White "Keymer, Vincent"]
[Black "Boruchovsky, Avital"]
[Result "1-0"]
[WhiteElo "2686"]
[BlackElo "2551"]
[Annotator "TA"]
[PlyCount "109"]
[EventDate "2022.??.??"]
[TimeControl "60"]

1. c4 e6 2.
Nc3 d5 3. d4 Nf6 4. cxd5 exd5 5. Bg5 c6 6. e3 Bf5 7. Qf3 Bg6 8. Bxf6 Qxf6 9. Qxf6 gxf6 10. Kd2 Nd7 {[%emt 0:04:51] D35: Queen's Gambit Declined: Exchange Variation.} 11. Nge2 Nb6 12. Nf4 {[%emt 0:01:42] [#]} Nc4+ $146 {
[%emt 0:06:40] White has an edge.} ({Predecessor:} 12... Bd6 13. g3 Ke7 14. Rc1
a5 15. Be2 a4 16. Rhe1 a3 17. b3 Bb4 18. Kd1 Ra5 {0-1 (45) Poliakov,A (2182)
-Usmanov,V (2459) Sochi 2017}) 13. Bxc4 dxc4 14. a4 {[%emt 0:08:30][%cal Ya2a4,Ya4a5] White is more active.} O-O-O (14... Bd6 $14) 15. a5 Bd6 {[%emt 0:01:30] White must
now prevent ...Bxf4.} 16. Nxg6 hxg6 17. Ne4 Bb4+ 18. Kc2 Rd5 19. Ra4 Be7 20. h3 Rhh5 21. Rha1 a6 22. f4 Rb5 23. Nd2 {[%emt 0:00:38] Against Rb3} (23. Rxc4
Rxa5 24. Rd1 Kc7 $11) 23... c5 (23... Kc7 $14 {feels stronger.
}) 24. Nxc4 cxd4 25. Nb6+ Kb8 26. Rxd4 (26. exd4 Bd8 $14) 26... Rhc5+ 27. Rc4 (27. Kd3 {is interesting.} Rc6 28. Rd7
Bc5 29. Nc4) 27... Rxa5 (27... Rxc4+ $16 28. Nxc4 Kc7) 28.
Rxa5 $18 Rxa5 $16 {[%emt 0:00:02] Endgame KRB-KRN} 29. Nd7+ (29. g4 $1 $18) 29... Ka7 30. Re4 Bd6 31. Nxf6 Ra1 {[%emt 0:00:03] [#]}
32. Re8 $1 Rg1 33. g4 Rg2+ 34. Kb1 (34. Kc3 $142) 34... Rh2 35. Ne4 Bc7 {[%emt 0:07:41] [#]} (35... Bb4 $16 {keeps
fighting.}) 36. Re7 $1 $18 Bb6 37. Nd6 ({Don't play} 37. Rxf7 $6 Rxh3 38. Nd6 Bxe3 $16) 37...
Bc5 38. Rxb7+ Ka8 39. Rd7 {
[%emt 0:00:10] And now e4 would win.} Bxe3 (39... Rxh3 $142
40. e4 (40. Nxf7 Bxe3 41. Rd6 Ka7 $16) 40... Rf3) 40. Rxf7 ({
Not} 40. Nxf7 Bxf4 41. Rd8+ Ka7 $14) 40... Rxh3 41. Nc4 Bd4 42. Rd7 Bc5 43. Rd5 Bg1 (43... Bf2 {was necessary.}
44. Ne5 Rh4) 44. Ne5 Rh4 45. Rd6 Be3 46. Rxa6+ {[%emt 0:00:00] White is clearly winning.}
Kb7 47. Ra4 g5 48. f5 Bf4 49. Ng6 Rh1+ 50. Ka2 Bd6 51. Re4 Rf1 (51... Kc6 $142 52. Re3 Rf1) 52. Re6 Kc6 53. Ne7+ Kd7 54. Nd5 Kc6 (54... Bg3 $142 55. Nf6+ Kd8) 55. Nf6 {
[%emt 0:00:00] Weighted Error Value: White=0.07 (flawless) /Black=0.26 
(precise)} 1-0

[Event "44th Chess Olympiad Open 2022"]
[Site "Chennai"]
[Date "2022.08.08"]
[Round "10.8"]
[White "Nisipeanu, Liviu-Dieter"]
[Black "Rodshtein, Maxim"]
[Result "1/2-1/2"]
[WhiteElo "2642"]
[BlackElo "2596"]
[Annotator "RC"]
[PlyCount "58"]
[EventDate "2022.??.??"]
[TimeControl "60"]

1. d4 Nf6 2. c4 e6 3. Nc3 Bb4 4. e3 O-O 5. Bd3 d5 6. a3 Bxc3+ 7. bxc3 dxc4 8.
Bxc4 c5 9. Nf3 Qc7 10. Be2 Nc6 11. O-O e5 12. h3 cxd4 13. cxd4 exd4 14. Nxd4 Nxd4 15. Qxd4 Rd8 16. Qc4 Qxc4 17. Bxc4 Ne4 18. Bb2 Nd2 19. Rfc1 Nxc4 20. Rxc4 Be6 21. Rc7 b5 22. Bd4 a6 23. Rac1 Bc4 24. Kh2 Rac8 25. Ra7 Ra8 26. Rc7 Rac8 27. Ra7 Ra8 28. Rc7 Rac8 29. Ra7 Ra8 1/2-1/2